 Dungeon Crawl Stone Soup version 0.19-a0-585-ge40200b (webtiles) character file.

347 syzygy the Sneak (level 6, -10/56 HPs)
             Began as a Deep Dwarf Warper on June 9, 2016.
             Mangled by an iguana (11 damage)
             ... on level 4 of the Dungeon.
             The game lasted 00:07:57 (2320 turns).

syzygy the Sneak (Deep Dwarf Warper)                Turns: 2320, Time: 00:07:58

Health: -10/56     AC:  6    Str: 15    XL:     6   Next: 32%
Magic:  8/8        EV: 12    Int: 15    God:
Gold:   129        SH:  0    Dex: 12    Spells: 1 memorised, 7 levels left

rFire  + . .     SeeInvis +     r - +2 dagger (venom)
rCold  x . .     Gourm    .     b - +0 leather armour
rNeg   . . .     Faith    .     (no shield)
rPois  .         Spirit   .     (no helmet)
rElec  .         Dismiss  .     (no cloak)
rCorr  .         Reflect  .     (no gloves)
SustAt .         Harm     .     i - +2 pair of boots
MR     .....                    (no amulet)
Stlth  ++........               u - ring of see invisible
                                o - ring of fire

@: non-regenerating, not resistant to hostile enchantments, unstealthy
A: damage resistance, recharge devices, sense surroundings 1, slow regeneration
3
a: Device Recharging


You were on level 4 of the Dungeon.
You were not hungry.

You visited 1 branch of the dungeon, and saw 4 of its levels.

You collected 129 gold pieces.

Inventory:

Hand Weapons
 a - a +0 short sword
 r - a +2 dagger of venom (weapon)
Missiles
 e - 5 tomahawks of dispersal (quivered)
 m - 3 exploding tomahawks
 t - 7 javelins
Armour
 b - a +0 leather armour (worn)
 i - a +2 pair of boots (worn)
Jewellery
 o - a ring of fire (left hand)
 u - a ring of see invisible (right hand)
Wands
 f - a wand of heal wounds (0/9)
 s - a wand of confusion (28/48)
 w - a wand of heal wounds (3/9)
Scrolls
 d - a scroll of blinking
 j - a scroll of enchant armour {unknown}
 k - 2 scrolls of amnesia
 l - a scroll of remove curse
 n - 2 scrolls of enchant weapon
Potions
 p - a potion of resistance {unknown}
 q - a potion of agility {unknown}
 x - a potion of berserk rage {unknown}
Books
 c - a book of Spatial Translocations

   Spells                             Type                      Level
   a - Apportation                    Translocation                1
   b - Blink                          Translocation                2
   c - Shroud of Golubria             Charms/Translocation         2
   d - Portal Projectile              Translocation                3
   e - Teleport Other                 Translocation                3
   f - Passage of Golubria            Translocation                4
 h - a book of Burglary

   Spells                             Type                      Level
   a - Swiftness                      Charms/Air                   2
   b - Passwall                       Transmutation/Earth          2
   c - Passage of Golubria            Translocation                4
   d - Lee's Rapid Deconstruction     Earth                        5
   e - Darkness                       Hexes                        6
   f - Invisibility                   Hexes                        6
Comestibles
 g - 2 bread rations
 v - 4 fruits
 z - a beef jerky


   Skills:
 * Level 3.5 Fighting
 * Level 3.4 Short Blades
 - Level 0.8 Throwing
 * Level 3.5 Armour
 - Level 2.1 Dodging
 * Level 3.6 Stealth
 - Level 1.7 Spellcasting
 - Level 3.2 Translocations


You had 7 spell levels left.
You knew the following spells:

 Your Spells              Type           Power        Failure   Level  Hunger
a - Apportation           Tloc           ##........   10%         1    ##.....


Dungeon Overview and Level Annotations

Branches:
Dungeon (4/15)
 Temple: D:4-7

Altars:
Fedhas
Gozag
Ru
Uskayaw
Yredelemnul


Innate Abilities, Weirdness & Mutations

You are resistant to damage.
You can recharge devices by infusing magical energy.
You passively map a small area around you.
You do not regenerate naturally.


Message History

You hit the water moccasin skeleton.
You destroy the water moccasin skeleton!
The iguana hisses angrily.
You hit the iguana.
The iguana is poisoned.
The iguana is moderately wounded.
The iguana bites you!
* * * LOW HITPOINT WARNING * * *
You barely miss the iguana.
The iguana is heavily wounded.
You hit the iguana but do no damage.
The iguana is heavily wounded.
The iguana bites you!
* * * LOW HITPOINT WARNING * * *
You hit the iguana.
The iguana looks even sicker.
The iguana is heavily wounded.
The iguana barely misses you.
You hit the iguana.
The iguana looks even sicker.
The iguana is almost dead.
The iguana bites you!
You die...

#.......# .# ,*
##.....## .# ,
#....## ##.##### *
#.#.## #......
#.####### .....## #
* #.......#
#........,
#######.####..##..##
* * #.............
######@.###.# #l.# *
#..# , #..., , ##.##
* * *.# .# * * .# *


You could see an iguana.

Vanquished Creatures
  A water moccasin skeleton (D:4)
  An orc priest (D:3)
  Natasha (thrice) (D:3)
  5 gnolls
  5 adders
  3 oozes
  A worm (D:3)
  4 dart slugs
  A giant gecko (D:1)
  4 orcs (D:3)
  2 giant cockroaches
  9 hobgoblins
  2 jackals (D:1)
  11 kobolds
  3 quokkas (D:3)
  11 bats
  5 giant newts
  7 goblins
  4 rats
82 creatures vanquished.

Notes
Turn   | Place    | Note
--------------------------------------------------------------
     0 | D:1      | syzygy the Deep Dwarf Warper began the quest for the Orb.
     0 | D:1      | Reached XP level 1. HP: 19/19 MP: 3/3
    90 | D:1      | Reached skill level 1 in Stealth
   334 | D:1      | Reached XP level 2. HP: 12/26 MP: 4/4
   517 | D:1      | Reached XP level 3. HP: 13/32 MP: 5/5
  1045 | D:2      | Found an opulent altar of Gozag.
  1184 | D:2      | Found a hide-covered altar of Uskayaw.
  1211 | D:2      | Reached XP level 4. HP: 27/40 MP: 6/6
  1418 | D:2      | Found a sacrificial altar of Ru.
  1730 | D:2      | Reached XP level 5. HP: 25/48 MP: 7/7
  1947 | D:3      | Noticed Natasha
  1959 | D:3      | Killed Natasha
  1993 | D:3      | Noticed Natasha
  1996 | D:3      | Killed Natasha
  2130 | D:3      | Found a basalt altar of Yredelemnul.
  2179 | D:3      | Noticed Natasha
  2190 | D:3      | Killed Natasha
  2190 | D:3      | Reached XP level 6. HP: 27/56 MP: 8/8
  2241 | D:3      | Noticed an orc warrior
  2277 | D:4      | Found a blossoming altar of Fedhas.
  2318 | D:4      | HP: 1/56 [iguana (4)]
  2320 | D:4      | Mangled by an iguana

Vault maps used:
D:1:      minmay_arrival_loop
D:2:      nicolae_overflow_hidden_temple, nicolae_gozag_seed_capital,
          nicolae_ru_path_of_blood
D:3:      yredelemnul_altar_generic, uniq_natasha
D:4:      corexii_shantytown, lemuel_round_altar,
          gammafunk_temple_overflow_statue, overflow_temple_1_default,
          zin_scriptorium, nemelex_xobeh_ov_fountains_minmay,
          old_standard_altar, first_bread

Skill      XL: |  1  2  3  4  5 |
---------------+----------------+-----
Short Blades   | 2 3 |  3.4
Stealth        | 1 2 3 |  3.6
Fighting       | 2 3 |  3.5
Armour         | 2 3 |  3.5
Throwing       | |  0.8
Dodging        | |  2.1
Spellcasting   | |  1.7
Translocations | |  3.2

Action                   |  1- 3 |  4- 6 || total
-------------------------+-------+-------++-------
Melee: Short sword       |   182 |   144 ||   326
       Dagger            |       |   118 ||   118
Evoke: Wand              |     2 |     4 ||     6
  Use: Scroll            |       |     3 ||     3
 Stab: Sleeping          |       |     4 ||     4
  Eat: Chunk             |     1 |       ||     1
       Meat ration       |       |     1 ||     1
Armor: Leather armour    |    63 |    73 ||   136
Dodge: Dodged            |   124 |   157 ||   281
